Kradschützen Motorcycle Team
Selects Battlefield Espionage Battlegroup
Selects Battlefield Espionage Battlegroup
Selects Sector Subterfuge Beacon
Construct Light Support Kompanie
Panzerjäger Mechanized Group
Selects 250/3 Funkpanzerwagen
Selects Anti-Tank Incendiary Munitions
Construct Mechanized Kompanie
le.IG 18 Mechanized Group
Pak 38 Anti-tank Gun Team
Selects Disruption Operation
254 Reconnaissance Tractor
Selects Operation Skorpion
Construct Panzerarmee Kommand